[Event "*** SCC Grand Prix: Titled Tuesday Blitz"]
[Site "Chess.com"]
[Date "2020.10.06"]
[Round "8"]
[White "RobPeresian"]
[Black "novocane"]
[Result "1-0"]
[WhiteElo "2450"]
[BlackElo "2279"]
[TimeControl "180+1"]
[EndTime "11:36:32 PDT"]
[Termination "RobPeresian won by resignation"]

1. Nf3 c5 2. c4 b6 3. g3 Bb7 4. Bg2 e6 5. O-O Nf6 6. Nc3 Ke7 7. Re1 d6 8. e4 e5 9. d3 h6 10. Nh4 g6 11. f4 Nbd7 12. Nf3 Bg7 13. fxe5 dxe5 14. Nd5+ Nxd5 15. cxd5 Re8 16. Be3 Qc7 17.
Qd2 Rh8 18. h4 Rag8 19. Bh3 Kd6 20. Qf2 Bc8 21. Nd2 b5 22. Qxf7 Nf6 23. Qxc7+ Kxc7 24. Bxc8 Kxc8 25. Bxc5 g5 26. hxg5 Ng4 27. Rac1 hxg5 28. Nf1 Kd7 29. Kg2 Bf6 30. Bg1 Rh7 31. Rc6 Rgh8 32.
Rec1 Bd8 33. Ra6 Ke8 34. Rxa7 Rxa7 35. Bxa7 Kd7 36. Bg1 Nf6 37. Ne3 g4 38. Nf5 Rf8 39.
Be3 Nxd5 40. exd5 Rxf5 41. Rf1 Rh5 42. Rf7+ Kd6 43. Rb7 b4 44. Rxb4 Kxd5 45. Rxg4 Ba5 46. b4 Bc7 47. b5 Rh6 48. Rb4 Rh8 49. b6 Bb8 50. a4 e4 51. dxe4+ Ke5 52. a5 Rg8 53.
Bf4+ Ke6 54. Bxb8 Rxb8 55. a6 1-0

[Event "*** SCC Grand Prix: Titled Tuesday Blitz"]
[Site "Chess.com"]
[Date "2020.10.06"]
[Round "8"]
[White "Morshynska"]
[Black "Smile2005"]
[Result "1-0"]
[WhiteElo "2237"]
[BlackElo "2398"]
[TimeControl "180+1"]
[EndTime "11:36:32 PDT"]
[Termination "Morshynska won by resignation"]

1. Nf3 Nf6 2. g3 g6 3. Bg2 Bg7 4. O-O O-O 5. d4 d6 6. b3 Nc6 7. Bb2 e5 8. dxe5 Ng4 9. Nc3 Ngxe5 10. Nxe5 Nxe5 11. Qd2 c6 12. e4 Bg4 13. Qe3 Qc7 14. h3 Be6 15. Rad1 Nd7 16. Na4 Bxb2 17. Nxb2 Nb6 18.
c4 Rfe8 19. Qf4 Rad8 20. Rd2 Nc8 21. Rfd1 c5 22. Kh2 Rd7 23. Na4 Red8 24. Nc3 Ne7 25. Nb5 Qb8 26. Rxd6 Rxd6 27. Rxd6 Nc6 28.
e5 Nd4 29. Nxd4 cxd4 30. Qxd4 Rxd6 31. Qxd6 Qc8 32. c5 Kg7 33. h4 h6 34. Be4 a5 35.
Bc2 a4 36. bxa4 Bxa2 37. a5 Be6 38. Be4 Qa8 39. Qb6 Qb8 40. Qd6 Qa7 41. Qc7 Qa6 42. Qxb7 Qe2 43. Bg2 Qxf2 44. a6 Qxc5 45. a7 Bc8 46.
a8=Q Bxb7 47. Qxb7 Qxe5 48. Qd5 Qf6 49. Qe4 Qb2 50. Qf3 f6 51. Qe4 f5 52. Qb7+ Kf6 53. Qxb2+ Kf7 54. Qe2 g5 55. h5 Kf6 56. Qb5 f4 57. gxf4 gxf4 58. Bf3 Kg7 59. Kh3 1-0

[Event "*** SCC Grand Prix: Titled Tuesday Blitz"]
[Site "Chess.com"]
[Date "2020.10.06"]
[Round "8"]
[White "bocah_sakit"]
[Black "FairChess_on_YouTube"]
[Result "0-1"]
[WhiteElo "2820"]
[BlackElo "2975"]
[TimeControl "180+1"]
[EndTime "11:36:34 PDT"]
[Termination "FairChess_on_YouTube won by resignation"]

1. e4 c5 2. Nf3 e6 3. d4 cxd4 4.
Nxd4 Nc6 5. Nc3 Qc7 6. g3 a6 7. Bg2 Nf6 8. O-O Nxd4 9. Qxd4 Bc5 10. Bf4 d6 11. Qd2 h6 12. Rad1 e5 13. Be3 Bxe3 14.
fxe3 Be6 15. Qxd6 Rc8 16. Qxc7 Rxc7 17. Rd2 Ke7 18. a4 Rhc8 19. h3 Rc4 20. Rd3 b5 21. axb5 axb5 22. Nxb5 Rxc2 23. Nd6 Rb8 24. b3 Nd7 25.
Nf5+ Kf8 26. Rfd1 Rc7 27. Bf3 h5 28. Bxh5 g6 29. Bg4 gxf5 30. exf5 Nc5 31. fxe6 Nxd3 32. Rxd3 Rc2 33. exf7 Ra8 34. Rd1 Kxf7 35. Bf3 Raa2 36. h4 Kf6 37. Rf1 Kg7 38. g4 Rc3 39. h5 Kh6 40. Be4 Rxe3 41. Bf3 Kg5 42. Bg2 Rg3 43. Rf2 Rxf2 44. Kxf2 Rxg4 45. Bf3 Rb4 46. Bd1 Kf4 47. Ke2 e4 48. Kd2 Rd4+ 49. Ke2 Rd3 50. Bc2 Rh3 51. Kd2 Rxh5 52. Kc3 Rc5+ 53. Kb2 e3 54. Bd3 Rd5 55. Kc3 Kf3 56. Bc4 Rc5 57. b4 Rxc4+ 58. Kxc4 e2 0-1

[Event "*** SCC Grand Prix: Titled Tuesday Blitz"]
[Site "Chess.com"]
[Date "2020.10.06"]
[Round "8"]
[White "DariaVoit"]
[Black "vanea_03"]
[Result "0-1"]
[WhiteElo "2507"]
[BlackElo "2693"]
[TimeControl "180+1"]
[EndTime "11:36:34 PDT"]
[Termination "vanea_03 won by checkmate"]

1. f4 Nh6 2. g3 d5 3. Bg2 c6 4. b3 f6 5. Bb2 g6 6. c4 d4 7. e3 dxe3 8. dxe3 Qxd1+ 9. Kxd1 Bg7 10. Nf3 O-O 11. Ke2 Nd7 12. Nbd2 e5 13. Rad1 Nf7 14.
Kf2 Re8 15. Rhe1 Nc5 16. Bf1 Bf5 17. Ba3 Bf8 18. Kg2 Rad8 19. h3 Nxb3 20. Bxf8 Nxd2 21.
Bc5 Bxh3+ 22. Kxh3 Nxf3 23. Rxd8 Rxd8 24. Rb1 Rd7 25. Bxa7 exf4 26. exf4 Re7 27. Bg2 Nd2 28. Rd1 Nxc4 29. Bc5 Rc7 30. Re1 Ncd6 31. Bxd6 Nxd6 32. Re6 Nf5 33. Rxf6 Re7 34. g4 Re3+ 35. Kh2 Nd4 36. g5 Re2 37. Kg1 Rxa2 38. Bh3 Rb2 39. Kf1 b5 40. Bc8 b4 41. Rd6 c5 42. Rd8+ Kf7 43.
Rd7+ Ke8 44. Rxh7 b3 45. f5 Rb1+ 46. Kf2 b2 47. fxg6 Rf1+ 48. Kxf1 b1=Q+ 49. Kf2 Qxg6 50. Rh8+ Ke7 51. Bg4 Qxg5 52. Rh7+ Kf6 53. Bh3 Qf4+ 54. Kg2 Qf3+ 55. Kh2 Qf2+ 56. Bg2 Nf3+ 57. Kh3 Ng5+ 58.
Kg4 Nxh7 59. Be4 Qd4 60. Kh5 Qxe4 61. Kh6 Qg6# 0-1

[Event "*** SCC Grand Prix: Titled Tuesday Blitz"]
[Site "Chess.com"]
[Date "2020.10.06"]
[Round "8"]
[White "topotun"]
[Black "OldweakGM"]
[Result "1-0"]
[WhiteElo "2781"]
[BlackElo "2823"]
[TimeControl "180+1"]
[EndTime "11:36:35 PDT"]
[Termination "topotun won by resignation"]

1. e4 c6 2. d4 d5 3. Nd2 dxe4 4. Nxe4 Bf5 5. Ng3 Bg6 6. h4 h6 7. Nf3 Nd7 8. h5 Bh7 9. Bd3 Bxd3 10. Qxd3 Ngf6 11. Bd2 e6 12. O-O-O Be7 13. Kb1 O-O 14. Ne4 Nxe4 15. Qxe4 Nf6 16. Qe2 Qd5 17. Be3 Rad8 18. Ne5 Qe4 19. f3 Qh7 20. g4 Nd5 21. Bc1 Bf6 22.
f4 Bxe5 23. fxe5 Rde8 24. g5 hxg5 25. Bxg5 f6 26. exf6 gxf6 27. Bd2 Kh8 28. h6 Rg8 29. Rhg1 Qf5 30. b3 b5 31. Kb2 b4 32. Qc4 Rc8 33.
Rxg8+ Kxg8 34. Bxb4 Ne3 35. Rg1+ Kh8 36. Qc5 Qf2 37.
Rg7 Nd5 38. Qxa7 Qf5 39. Bd2 c5 40. Qd7 Ra8 41. Rg5 Qh7 42. Qxh7+ Kxh7 43. Rg7+ Kh8 44. dxc5 e5 45. c4 Nf4 46. Rf7 Nd3+ 47. Kb1 Nxc5 48.
Be3 Ne4 49. c5 Nc3+ 50. Kb2 Nd1+ 51. Kb1 Nxe3 52. Rxf6 Nd5 53. Re6 Nc3+ 54. Kc2 Nxa2 55. Rxe5 Kh7 56. Re4 Rc8 57. Kb2 Ra8 58. c6 Kxh6 59.
Rc4 Kg6 60. c7 Rc8 61. Kxa2 Kf6 62. Ka3 Ke6 63. Ka4 1-0

[Event "*** SCC Grand Prix: Titled Tuesday Blitz"]
[Site "Chess.com"]
[Date "2020.10.06"]
[Round "8"]
[White "alexrustemov"]
[Black "elohunter1999"]
[Result "0-1"]
[WhiteElo "2723"]
[BlackElo "2593"]
[TimeControl "180+1"]
[EndTime "11:36:35 PDT"]
[Termination "elohunter1999 won by resignation"]

1. d4 Nf6 2. Nf3 d5 3. c4 c6 4. e3 Bf5 5. Nc3 a6 6. cxd5 cxd5 7. Qb3 Nc6 8. Qxb7 Na5 9. Qb4 Bd7 10. Qa3 e6 11. b4 Nc6 12. Qb3 Bxb4 13. Bd2 Rb8 14. Qc2 Qa5 15. a3 Rc8 16. Qb2 Nxd4 17. Nxd4 Bxc3 18.
Bxc3 Rxc3 19. Qb4 Qc7 20. Bxa6 Rc1+ 21. Ke2 Rxh1 22. Rxh1 e5 23. Nb5 Qc2+ 24. Qd2 Qxd2+ 25.
Kxd2 Ne4+ 26. Ke2 O-O 27. Rc1 Ra8 28. Nc7 Ra7 29. f3 Nf6 30. Kd2 Kf8 31. Rc5 Ke7 32. Rc3 h5 33. Bb5 d4 34. exd4 exd4 35. Rd3 Rxc7 36.
Bxd7 Rxd7 37. a4 Kd8 38. Ra3 Kc7 39. Kd3 Kb6 40. a5+ Ka6 41. Kc4 d3 42. Rxd3 Rxd3 43. Kxd3 Kxa5 44. Kd4 Kb6 45. Ke5 Kc5 46. g3 Kc6 47. h3 Kc5 48. g4 hxg4 49. hxg4 Kc6 50.
g5 Ng8 51. f4 Kd7 52. f5 Ne7 53.
Ke4 Kd6 54. Kf4 Kd5 55. f6 gxf6 56. gxf6 Ng6+ 57. Kf5 Kd6 58. Kg5 Ke6 59. Kh6 Kxf6 60. Kh5 Ke5 0-1

[Event "*** SCC Grand Prix: Titled Tuesday Blitz"]
[Site "Chess.com"]
[Date "2020.10.06"]
[Round "8"]
[White "SilviusTiberius"]
[Black "gui_borba"]
[Result "1/2-1/2"]
[WhiteElo "2640"]
[BlackElo "2498"]
[TimeControl "180+1"]
[EndTime "11:36:35 PDT"]
[Termination "Game drawn by stalemate"]

1. e4 c6 2. d4 d5 3. exd5 cxd5 4.
Bd3 Nc6 5. c3 Nf6 6. Bf4 g6 7.
Nf3 Bf5 8. Ne5 Bxd3 9. Nxd3 Bg7 10.
Nd2 O-O 11. O-O Nd7 12. Nf3 Qb6 13. Qb3 Qxb3 14. axb3 a6 15. b4 e6 16. Ra3 Rac8 17.
Nc5 Nxc5 18. bxc5 f6 19. Re1 e5 20. Be3 e4 21. Nd2 g5 22. b4 h6 23. f3 f5 24.
fxe4 dxe4 25. Bf2 Rce8 26. g4 fxg4 27. Rxe4 Rxe4 28. Nxe4 Rf3 29. Ra1 Ne7 30. Rc1 Nd5 31.
Rc2 Nf4 32. Bg3 Nd5 33. Be5 Ne3 34. Rf2 Rxf2 35. Kxf2 Nd5 36. Ke2 h5 37. Kd3 h4 38.
Bxg7 Kxg7 39. Nxg5 Kg6 40. Ne4 Kf5 41. Nd2 Kf4 42. Ke2 Nxc3+ 43. Kd3 Nd5 44. Kc4 Ne3+ 45.
Kd3 g3 46. hxg3+ hxg3 47. Ke2 Nd5 48. Kf1 Nxb4 49. Kg2 Ke3 50. Nb3 Kf4 51. Na5 Nc6 52.
Nxb7 Nxd4 53. Na5 Ke5 54. Kxg3 Kd5 55. c6 Nxc6 56. Nxc6 Kxc6 57. Kf2 Kb5 58. Ke1 Kb4 59. Kd1 Kb3 60. Kc1 Ka2 61. Kc2 a5 62. Kc1 a4 63.
Kc2 a3 64. Kc1 Kb3 65. Kb1 a2+ 66. Ka1 Ka3 1/2-1/2

[Event "*** SCC Grand Prix: Titled Tuesday Blitz"]
[Site "Chess.com"]
[Date "2020.10.06"]
[Round "8"]
[White "Forantes"]
[Black "akashcheck"]
[Result "0-1"]
[WhiteElo "2412"]
[BlackElo "2278"]
[TimeControl "180+1"]
[EndTime "11:36:36 PDT"]
[Termination "akashcheck won on time"]

1. e4 e5 2. Nf3 Nc6 3. d4 exd4 4.
Nxd4 Nf6 5. Nc3 Bb4 6. Nxc6 bxc6 7. Bd3 d5 8. exd5 cxd5 9. O-O O-O 10. h3 c6 11. Qf3 Rb8 12. Bg5 h6 13. Bxf6 Qxf6 14. Qxf6 gxf6 15. Ne2 Bd6 16. b3 c5 17. Rad1 Be6 18. Be4 Rfd8 19. Bf3 Be5 20. Nc1 c4 21. Rfe1 Kg7 22. Ne2 d4 23. Be4 f5 24. Bf3 Bf6 25. Nf4 cxb3 26. axb3 Rb6 27. Nd3 Rc8 28. Re2 Rc7 29. Ra1 Rb8 30. g3 Rbc8 31. Ra2 a5 32.
Kg2 a4 33. Rxa4 Rxc2 34. Rxc2 Rxc2 35. b4 Rc4 36. Ra5 Be7 37. b5 Rc3 38. Ne5 Rb3 39.
Nc6 Bc5 40. Nd8 d3 41. Nxe6+ fxe6 42. Ra6 Kf6 43. Bd5 Rxb5 44. Rxe6+ Kg7 45. Bc4 Rb2 46.
Bxd3 Rxf2+ 47. Kh1 Rf3 48. Be2 Rxg3 49. Rc6 Be3 50.
Bf1 f4 51. Bg2 Rg6 0-1

[Event "*** SCC Grand Prix: Titled Tuesday Blitz"]
[Site "Chess.com"]
[Date "2020.10.06"]
[Round "8"]
[White "Joshukid"]
[Black "tigra"]
[Result "0-1"]
[WhiteElo "2719"]
[BlackElo "2837"]
[TimeControl "180+1"]
[EndTime "11:36:37 PDT"]
[Termination "tigra won by resignation"]

1. c4 e6 2. Nf3 d5 3. g3 d4 4. Bg2 Nf6 5. O-O c5 6. e3 Nc6 7. exd4 cxd4 8. b3 Be7 9. Re1 O-O 10. Bb2 Ng4 11. h3 Nh6 12. Ne5 Nxe5 13. Rxe5 f6 14. Re1 e5 15. d3 Rb8 16. Nd2 Bf5 17. Qf3 Kh8 18. a3 b5 19. b4 bxc4 20. Nxc4 Bd7 21.
Na5 Nf7 22. Nc6 Ng5 23. Nxd8 Nxf3+ 24. Bxf3 Bxd8 25. Kg2 a5 26. Rab1 axb4 27. axb4 Rxb4 28. Ba3 Rxb1 29. Rxb1 Re8 30. Rb7 Bc8 31. Rb8 Bc7 32. Ra8 Bd7 33. Ra7 Rc8 34. Bb7 Rb8 35. Bf3 Rc8 36. Bb7 Rd8 37. Bf3 Bb8 38. Ra8 Re8 39.
g4 Bb5 40. Be4 g6 41. Ra5 Bd7 42. Ra8 Kg7 43. Bc5 h5 44. f3 h4 45. f4 f5 46.
gxf5 gxf5 47. Bd5 exf4 48. Bxd4+ Kg6 49. Ra6+ Kh7 50. Kf3 Bb5 51. Rb6 Bxd3 52. Rb7+ Kh6 53. Bg7+ Kg5 54. Rb6 Be4+ 55. Bxe4 fxe4+ 56. Kf2 Ba7 0-1

[Event "*** SCC Grand Prix: Titled Tuesday Blitz"]
[Site "Chess.com"]
[Date "2020.10.06"]
[Round "8"]
[White "AlexOstrovskiy"]
[Black "KonstantinB_1983"]
[Result "1/2-1/2"]
[WhiteElo "2751"]
[BlackElo "2531"]
[TimeControl "180+1"]
[EndTime "11:36:38 PDT"]
[Termination "Game drawn - insufficient material"]

1. d4 d5 2. Bf4 c6 3. e3 Bf5 4. c4 dxc4 5. Bxc4 e6 6. Nc3 Nf6 7. Nf3 h6 8. h3 Nbd7 9. O-O Be7 10.
Qe2 Ne4 11. Rfd1 O-O 12. Rac1 Rc8 13. a3 Nb6 14. Nxe4 Bxe4 15. Ba2 Bd6 16. Ne5 Qe7 17. b4 Nd5 18. Bh2 f6 19. Nc4 Bxh2+ 20. Kxh2 Rfd8 21. Kg1 Kh8 22. Na5 Rb8 23. f3 Bg6 24. e4 Nf4 25. Qe3 e5 26. dxe5 fxe5 27. Kh2 a6 28. Bb3 Qg5 29.
g3 Nxh3 30. Qxg5 Nxg5 31. Kg2 Rf8 32. Rf1 Nxf3 33. Rxf3 Bxe4 34. Rc3 Rxf3 35. Rxf3 Rf8 36. Bd1 g5 37. g4 Rd8 38. Be2 Rd2 39. Kf2 Bxf3 40.
Kxf3 Ra2 41. Nxb7 Rxa3+ 42. Ke4 Ra4 43. Kxe5 Rxb4 44. Nc5 a5 45. Kf6 a4 46. Kg6 a3 47.
Nd3 Rb7 48. Ne5 a2 49. Kxh6 a1=Q 50. Ng6+ Kg8 51. Bc4+ Rf7 52. Kxg5 Qg7 53. Bxf7+ Qxf7 54. Kh6 Qxg6+ 55. Kxg6 c5 56. Kf5 Kg7 57. Ke4 Kg6 58.
Kd5 Kg5 59. Kxc5 Kxg4 1/2-1/2

[Event "*** SCC Grand Prix: Titled Tuesday Blitz"]
[Site "Chess.com"]
[Date "2020.10.06"]
[Round "8"]
[White "youngKID"]
[Black "rasmussvane"]
[Result "1-0"]
[WhiteElo "2822"]
[BlackElo "2905"]
[TimeControl "180+1"]
[EndTime "11:36:41 PDT"]
[Termination "youngKID won by resignation"]

1. e4 c6 2. Nf3 d5 3. Nc3 dxe4 4. Nxe4 Nf6 5. Qe2 Nxe4 6. Qxe4 Qa5 7. b4 Qf5 8. Qxf5 Bxf5 9. c4 e6 10. Bb2 Bxb4 11.
Bxg7 Rg8 12. Bb2 Na6 13. a3 Ba5 14. Nd4 Be4 15. f3 Bg6 16. Nb3 Bd8 17. d4 Bf6 18. h4 h5 19. O-O-O O-O-O 20. Be2 Bf5 21. Rdg1 Rg3 22. Bc3 Rdg8 23. Rh2 Bh3 24. Be1 Rxg2 25.
Rhxg2 Rxg2 26. Rxg2 Bxg2 27. f4 Kd7 28. Bxh5 Ke8 29. Be2 Kf8 30. Kd2 Kg7 31. Ke3 Kh6 32.
Kf2 Bxh4+ 33. Kxg2 Bxe1 34. Kf3 Kg6 35. Ke4 Kf6 36. d5 c5 37. Nc1 Bc3 38. Nd3 Ke7 39. dxe6 Kxe6 40. Bg4+ Kd6 41. Bc8 Kc7 42. Bg4 b6 43. Bh5 f6 44. Bg4 Kd6 45. Kf5 Nb8 46. Nf2 Nc6 47. Ne4+ Ke7 48. Nxc3 Nd4+ 49. Ke4 Nc2 50.
Nd5+ Kd6 51. a4 Na3 52. Be2 Ke6 53. f5+ Kf7 54. Bd3 a6 55. Nxb6 Ke7 56. Nd5+ Kf7 57. Ke3 Kg7 58. Kd2 Nxc4+ 1-0

[Event "*** SCC Grand Prix: Titled Tuesday Blitz"]
[Site "Chess.com"]
[Date "2020.10.06"]
[Round "8"]
[White "Harsha_Bharathakoti"]
[Black "Larina_Marija"]
[Result "1-0"]
[WhiteElo "2753"]
[BlackElo "2248"]
[TimeControl "180+1"]
[EndTime "11:36:41 PDT"]
[Termination "Harsha_Bharathakoti won on time"]

1. Nf3 f5 2. d3 d6 3. d4 Nf6 4. g3 g6 5. Bg2 Bg7 6. O-O O-O 7.
b3 e5 8. dxe5 dxe5 9. Ba3 Qxd1 10.
Rxd1 Re8 11. Nc3 e4 12. Nd4 c6 13. e3 Na6 14. Na4 Ng4 15. Bf1 Nc7 16. Bd6 Ne6 17.
Nxe6 Bxe6 18. Rac1 b6 19. Ba6 Rad8 20. Bb7 c5 21.
Bc6 Bd7 22. Bc7 Bxc6 23. Rxd8 Rxd8 24. Bxd8 Ne5 25. Bc7 Nf3+ 26. Kg2 c4 27. Rd1 b5 28. Nc5 Bf8 29. Rd8 Kf7 30. Bd6 Bg7 31. Rc8 Bd5 32. Rc7+ Kg8 33. Rxa7 Ne1+ 34. Kf1 Nxc2 35.
Nd7 cxb3 36. axb3 Bxb3 37. Ne5 Bxe5 38. Bxe5 Bc4+ 39. Kg2 Ne1+ 40. Kh1 Be2 41. Bc3 Nd3 42. Kg1 b4 43. Bd4 b3 44. Rg7+ Kf8 45. Rxh7 Bd1 46. Rb7 Bc2 47. h3 Ke8 48. g4 Kd8 49. gxf5 gxf5 50. h4 Kc8 51. Rb5 Kd7 52. h5 Kc6 53. Rb6+ Kd5 54. h6 Kc4 55. h7 Nb4 56. h8=Q 1-0

[Event "*** SCC Grand Prix: Titled Tuesday Blitz"]
[Site "Chess.com"]
[Date "2020.10.06"]
[Round "8"]
[White "PlotnikovPavel"]
[Black "Chessbard1972"]
[Result "1-0"]
[WhiteElo "2355"]
[BlackElo "2256"]
[TimeControl "180+1"]
[EndTime "11:36:43 PDT"]
[Termination "PlotnikovPavel won on time"]

1. e4 e5 2. Nf3 Nc6 3. Nc3 Nf6 4.
d4 exd4 5. Nxd4 Bb4 6. Nxc6 bxc6 7. Bd3 d5 8. exd5 cxd5 9. O-O O-O 10. Bg5 c6 11. Qf3 Be7 12. Ne2 h6 13. Bh4 Rb8 14.
Nd4 Qc7 15. Nf5 Bxf5 16. Qxf5 g6 17. Qf3 Kg7 18. Rae1 Rb4 19. Bg3 Bd6 20. Bxd6 Qxd6 21. b3 Re8 22. Rxe8 Nxe8 23. Re1 Nf6 24. h3 a5 25. Qe3 a4 26. a3 Rb8 27. b4 Re8 28. Qd2 Rxe1+ 29. Qxe1 Qf4 30. Qc3 Qc1+ 31. Bf1 d4 32.
Qxd4 Qxc2 33. Qa1 Qf5 34. Bc4 Kg8 35. Qd4 Nd5 36. b5 Nc7 37. Qd8+ Kg7 38. Qxc7 cxb5 39.
Bf1 Qd5 40. Qc3+ Kh7 41. Qb4 h5 42. Bxb5 Qd1+ 43. Bf1 Kg7 44. Qc3+ Kh7 45. Qc4 Kg7 46. Kh2 Qd6+ 47. g3 Qxa3 48. Qd4+ Kh7 49. Bc4 Qe7 50.
Qf4 Kg7 51. Ba2 a3 52. Qd4+ Kh7 53. Qd5 Kg7 54. Kg2 Kg8 55. Qb3 Kg7 56. Qd3 Kh7 57.
Kf1 Kg7 58. Qe2 Qc5 59. Qc4 Qe7 60. h4 Kg8 61. Qd5 Kg7 62. Qc4 Kg8 63. Qe2 Qc5 64. Qd2 1-0

[Event "*** SCC Grand Prix: Titled Tuesday Blitz"]
[Site "Chess.com"]
[Date "2020.10.06"]
[Round "8"]
[White "Vadim_Biliy"]
[Black "RamyresCoelho"]
[Result "1-0"]
[WhiteElo "2302"]
[BlackElo "2019"]
[TimeControl "180+1"]
[EndTime "11:36:43 PDT"]
[Termination "Vadim_Biliy won by checkmate"]

1. d4 Nf6 2. Nf3 g6 3. e3 Bg7 4. Be2 O-O 5. O-O d6 6. b4 Nbd7 7. Bb2 b6 8. c4 Bb7 9. d5 c5 10.
b5 a6 11. a4 axb5 12. axb5 Qc7 13. Nbd2 Ng4 14. Bxg7 Kxg7 15. e4 Nge5 16. Qb3 Nxf3+ 17.
Nxf3 f6 18. g3 Ne5 19. Nd2 Rxa1 20. Rxa1 Ra8 21. Ra3 Qb8 22. f4 Nf7 23. h4 Rxa3 24.
Qxa3 Qa8 25. Qxa8 Bxa8 26. Nb1 g5 27. Nc3 gxh4 28. gxh4 f5 29. exf5 Kf6 30. Na4 Kxf5 31. Nxb6 Bb7 32. Bd3+ Kxf4 33. Bxh7 Kg4 34. Nd7 Kxh4 35.
Nb8 Kg4 36. Nc6 Ne5 37. Nxe5+ dxe5 38. Kf2 Kf4 39. Ke2 e4 40. Bg6 Bc8 41. b6 Bb7 42. Be8 Bc8 43. Bc6 Bg4+ 44. Ke1 Bc8 45. b7 Bxb7 46. Bxb7 Ke3 47. Ba6 Kd4 48. Ke2 Ke5 49. Ke3 e6 50. dxe6 Kxe6 51. Kxe4 Kd6 52. Kf5 Kc6 53. Ke6 Kb6 54. Bb5 Kc7 55. Kd5 Kb6 56. Kd6 Kb7 57. Kxc5 Kc7 58. Bc6 Kc8 59. Bf3 Kc7 60.
Be4 Kc8 61. Kc6 Kb8 62. c5 Kc8 63. Kb6 Kb8 64. c6 Kc8 65. Bf5+ Kb8 66. c7+ Ka8 67.
c8=Q# 1-0

[Event "*** SCC Grand Prix: Titled Tuesday Blitz"]
[Site "Chess.com"]
[Date "2020.10.06"]
[Round "8"]
[White "Chessdreamer2020"]
[Black "GregShahade"]
[Result "0-1"]
[WhiteElo "2469"]
[BlackElo "2663"]
[TimeControl "180+1"]
[EndTime "11:36:47 PDT"]
[Termination "GregShahade won by checkmate"]

1. e4 e5 2. Nf3 Nc6 3. Bb5 a6 4. Bxc6 dxc6 5. O-O Bd6 6. d4 exd4 7. Qxd4 f6 8. Be3 Ne7 9. Nbd2 Be6 10. Qc3 Qd7 11.
Nc4 Bxc4 12. Qxc4 O-O-O 13. Rad1 Ng6 14. Rd3 Rhe8 15. Re1 Qe7 16. Bd2 Ne5 17. Nxe5 Qxe5 18. f4 Qxb2 19. Rb3 Qxa2 20. Reb1 b6 21. Be3 c5 22.
Qd5 Qa4 23. Rxb6 Qxe4 24. Rb8+ Kd7 25. Rxd8+ Kxd8 26. Rb8+ Kd7 27. Qxe4 Rxe4 28. Kf2 Bxf4 29. Bxc5 Rc4 30. Bf8 Rxc2+ 31. Kf3 Bh6 32. Ra8 Rc3+ 33. Kf2 Rc2+ 34. Kf3 Rc6 35. g4 Re6 36. h4 Re8 37. Rxe8 Kxe8 38. Ba3 g6 39. Ke4 Bf8 40. Bb2 Be7 41. Bc3 Kd7 42. Kf4 Ke6 43. g5 f5 44.
h5 Kd5 45. h6 Bd6+ 46. Kf3 Be5 47. Bb4 c5 48. Ba5 c4 49. Ke3 c3 50. Kd3 Bf4 51.
Bd8 Be5 52. Be7 f4 53. Bf6 Bxf6 54. gxf6 Ke6 55. Kxc3 Kxf6 56. Kd4 g5 57. Kd3 Kg6 58. Ke2 Kxh6 59. Kf3 Kg6 60. Kg4 Kf6 61. Kh3 Kf5 62. Kg2 a5 63. Kf2 a4 64. Kf3 a3 65. Kf2 a2 66.
Kf3 a1=Q 67. Kf2 Qc3 68. Ke2 Qe3+ 69. Kf1 Qd2 70. Kg1 Kg4 71. Kf1 Kg3 72. Kg1 Qd1# 0-1

[Event "*** SCC Grand Prix: Titled Tuesday Blitz"]
[Site "Chess.com"]
[Date "2020.10.06"]
[Round "8"]
[White "Artyom_ChessMate"]
[Black "MasterSonnevanck23"]
[Result "1-0"]
[WhiteElo "2516"]
[BlackElo "2362"]
[TimeControl "180+1"]
[EndTime "11:36:47 PDT"]
[Termination "Artyom_ChessMate won on time"]

1. e4 c5 2. Nc3 g6 3. d4 cxd4 4.
Qxd4 Nf6 5. Nf3 Nc6 6. Qa4 d6 7.
e5 dxe5 8. Nxe5 Bd7 9. Nxd7 Qxd7 10. Be3 Bg7 11. Bb5 O-O 12. Rd1 Qc8 13. O-O Ne5 14. Rfe1 a6 15. Be2 b5 16. Qh4 Nc4 17. Bc1 b4 18. Bxc4 bxc3 19. b3 Qb7 20. Ba3 Rfe8 21. Qf4 e6 22. Bd6 Nd5 23. Qf3 Rad8 24. Ba3 Qc6 25.
h3 h5 26. Rd3 h4 27. Red1 Qc7 28.
Bxd5 exd5 29. Rxd5 Rxd5 30. Qxd5 Qf4 31. Bd6 Qe4 32.
Qxe4 Rxe4 33. Kf1 Bf6 34. Bc5 Kg7 35. Be3 Re6 36. Ke2 Rc6 37. Rd5 Re6 38. Kd3 Rc6 39.
a4 Re6 40. a5 Rc6 41. b4 Re6 42. Bd4 Bxd4 43. Rxd4 Re1 44. Kxc3 Re2 45. Rf4 g5 46. Rf3 Kg6 47. b5 axb5 48. a6 Re6 49. Kb4 Rxa6 50. Kxb5 Ra2 51. c3 Rb2+ 52. Ka4 f5 53. c4 Rc2 54. Kb3 Re2 55. c5 g4 56. hxg4 fxg4 57. Rc3 Rxf2 58. c6 Rf8 59. Kc4 Kg5 60. Kd5 Kf4 61.
c7 1-0

[Event "*** SCC Grand Prix: Titled Tuesday Blitz"]
[Site "Chess.com"]
[Date "2020.10.06"]
[Round "8"]
[White "ChessicallyInclined"]
[Black "ferch1ni"]
[Result "0-1"]
[WhiteElo "2505"]
[BlackElo "2384"]
[TimeControl "180+1"]
[EndTime "11:36:47 PDT"]
[Termination "ferch1ni won on time"]

1. d4 Nf6 2. c4 g6 3. Nc3 d5 4. Nf3 Bg7 5. Qb3 dxc4 6. Qxc4 O-O 7. e4 c5 8. d5 e6 9. Be2 exd5 10. exd5 Nbd7 11. O-O Nb6 12. Qh4 Bf5 13. Bg5 Nbd7 14. Rad1 Qb6 15. b3 Rfe8 16. Bc4 a6 17. Bh6 Bh8 18. h3 Ne4 19. Nxe4 Rxe4 20. Qg3 Ree8 21. d6 Qa5 22. a4 b5 23. axb5 axb5 24. Bd5 Rac8 25.
Ng5 Be6 26. Bxe6 fxe6 27. Qf4 Bf6 28. Ne4 Be5 29. Qe3 c4 30. bxc4 bxc4 31. f4 Bh8 32.
Ng5 c3 33. Kh1 c2 34. Rc1 Qc5 35. Qd3 Rc6 36. h4 Rec8 37. Ne4 Qd5 38. Qf3 Bb2 39. Bg5 Rc4 40. Nf6+ Nxf6 41. Qxd5 exd5 42. f5 Rd8 43. fxg6 Rxd6 44. gxh7+ Kxh7 45. Rce1 Kg6 46. Bd2 Ne4 47. Bc1 Bxc1 48. Rxc1 Rf6 49. Rfe1 Rf2 50. Re3 Rd2 51. Kh2 Rd1 52. Rxc2 Rxc2 53. h5+ Kg5 54. h6 Rdd2 55. h7 Rxg2+ 56. Kh1 Rh2+ 57. Kg1 Rcg2+ 58. Kf1 Rf2+ 59. Kg1 Rfg2+ 60. Kf1 Kf4 61. h8=Q Rxh8 62. Rd3 Rb2 63. Kg1 Rhh2 64. Re3 Rhg2+ 0-1

[Event "*** SCC Grand Prix: Titled Tuesday Blitz"]
[Site "Chess.com"]
[Date "2020.10.06"]
[Round "8"]
[White "PattyCastillo"]
[Black "PIwan"]
[Result "0-1"]
[WhiteElo "1993"]
[BlackElo "2522"]
[TimeControl "180+1"]
[EndTime "11:36:49 PDT"]
[Termination "PIwan won by resignation"]

1. d4 e6 2. Nf3 f5 3. b3 Nf6 4. Bb2 c5 5. e3 Nc6 6. Bd3 d5 7. O-O cxd4 8. exd4 Bd6 9. Re1 O-O 10. Ne5 Ne4 11.
c4 Nxe5 12. dxe5 Bc5 13. Bxe4 fxe4 14. Bd4 b6 15. Nc3 Bb7 16. Na4 Rc8 17. a3 Qh4 18.
Rf1 Rfd8 19. Bxc5 bxc5 20. cxd5 exd5 21. Rc1 Qe7 22. Qh5 d4 23. Nb2 Rd5 24. Nc4 Ba6 25.
Rfe1 Bxc4 26. Rxc4 Rxe5 27. Qg4 Re8 28. Rec1 e3 29.
fxe3 Rxe3 30. h3 Re1+ 31. Kh2 Qe5+ 32. Qg3 Qxg3+ 33. Kxg3 R8e3+ 34. Kf2 Rxc1 35. Rxc1 Rxb3 36. Rxc5 Rxa3 37. Rc4 d3 38. Ke3 Kf7 39. h4 Kg6 40. g4 h6 41. Rc6+ Kh7 42. h5 Ra4 43. Rg6 Rd4 44. Kd2 a5 45. Ra6 a4 46. Ra5 Rxg4 47. Rd5 Rg5 48. Rxd3 Rxh5 49. Ra3 Ra5 50. Ke3 h5 51. Kf3 Kh6 52. Kg3 g5 53. Kh3 Kg6 54.
Kg3 Kf5 55. Kf3 h4 56. Ke3 g4 57. Kf2 Kf4 58. Kg2 h3+ 59. Kh2 Ra6 60. Kg1 g3 61.
Kh1 Re6 62. Ra1 Re4 63. Kg1 Kg4 64. Kf1 Rf4+ 65. Kg1 Kh4 66. Kh1 Rf1+ 67. Rxf1 g2+ 68. Kg1 gxf1=Q+ 69. Kxf1 a3 70. Kf2 a2 71. Ke3 a1=Q 0-1

[Event "*** SCC Grand Prix: Titled Tuesday Blitz"]
[Site "Chess.com"]
[Date "2020.10.06"]
[Round "8"]
[White "arminmusovic"]
[Black "BeanScreen"]
[Result "1-0"]
[WhiteElo "2552"]
[BlackElo "2661"]
[TimeControl "180+1"]
[EndTime "11:36:54 PDT"]
[Termination "arminmusovic won by checkmate"]

1. e4 e5 2. Nf3 Nc6 3. Nc3 Nf6 4.
Bb5 Bb4 5. O-O O-O 6. d3 d6 7.
Bg5 Bxc3 8. bxc3 Qe7 9. d4 Nd8 10. h3 Ne6 11. Bh4 Rd8 12. Re1 Nf4 13. Rb1 c6 14.
Bf1 Be6 15. Qc1 Bxa2 16. Ra1 Be6 17. dxe5 dxe5 18. Nxe5 Ng6 19. Nxg6 hxg6 20. e5 Qc5 21. exf6 Qxc3 22. fxg7 Rd5 23. Qe3 Qxe3 24. Rxe3 Kxg7 25.
Bc4 Rd4 26. Bxe6 Rxh4 27. Bg4 f5 28. Bf3 Kf6 29. Rb3 Rh7 30. Rab1 b6 31. Bxc6 Rc8 32. Bf3 Rxc2 33. Ra3 Rd7 34. Rba1 a5 35. Rb3 Rd6 36.
Rab1 a4 37. Rxb6 Rd2 38. Rxd6+ Rxd6 39. Ra1 Ra6 40. Ra2 Ke5 41. Ra3 g5 42. Bd1 Rd6 43. Bc2 Rc6 44. Bxa4 Ra6 45. Re3+ Kf6 46. Bc2 g4 47.
hxg4 fxg4 48. Kh2 Kg5 49. Kg3 Rc6 50. Re5+ Kh6 51. Be4 Rf6 52. Kxg4 Rxf2 53. Bf3 Rd2 54. Re6+ Kg7 55. Kg5 Rd7 56. g4 Kh8 57. Kf4 Rf7+ 58. Kg3 Kg7 59. g5 Rc7 60. Kg4 Ra7 61. Be4 Rc7 62.
Kh5 Rc1 63. Re7+ Kf8 64. Ra7 Re1 65. Bf5 Rf1 66. Kg6 Rc1 67. Kf6 Rb1 68. g6 Ra1 69. Rxa1 Ke8 70. Rh1 Kd8 71. Rh7 Ke8 72. Rh8# 1-0